 Dungeon Crawl Stone Soup version 0.15-a0-2075-ga361405 (webtiles) character file.

583 N00bl0rd the Cudgeler (level 7, -1/74 HPs)
             Began as an Ogre Fighter on July 14, 2014.
             Was an Initiate of Qazlal.
             Slain by an orc
             ... wielding a +0 mace
              (2 damage)
             ... on Level 4 of the Dungeon.
             The game lasted 00:06:25 (4271 turns).

N00bl0rd the Cudgeler (Ogre Fighter)                Turns: 4271, Time: 00:06:25

HP  -1/74        AC  5     Str 29      XL: 7   Next: 37%
MP   7/7         EV  9     Int  7      God: Qazlal [......]
Gold 177         SH  9     Dex  9      Spells:  0 memorised,  6 levels left

rFire  . . .     SeeInvis .     a - +0 flail
rCold  . . .     Clarity  .     b - +0 robe
rNeg   . . .     rCorr    .     c - +0 shield
rPois  .         rRot     .     (helmet restricted)
rElec  .         Spirit   .     t - +1 cloak
SustAb .         Warding  .     (gloves unavailable)
rMut   .         Stasis   .     (boots unavailable)
Gourm  .                        (no amulet)
MR     .....                    (no ring)
                                y - ring of wizardry

@: mighty, lethally poisoned, not resistant to hostile enchantments, very
unstealthy
A: unfitting armour, tough skin 1
a: Renounce Religion


You were on level 4 of the Dungeon.
You worshipped Qazlal.
Qazlal was noncommittal.
You were hungry.

You visited 2 branches of the dungeon, and saw 5 of its levels.

You collected 177 gold pieces.

Inventory:

Hand weapons
 a - a +0 flail (weapon)
Armour
 b - a +0 robe (worn)
 c - a +0 shield (worn)
 t - a +1 cloak (worn)
Magical devices
 u - a wand of random effects (8)
 x - a wand of hasting (5) {unknown}
Comestibles
 d - 3 meat rations
 q - 3 slices of pizza
 s - 5 bread rations
 C - 9 fruits
Scrolls
 f - a scroll of noise {unknown}
 h - 8 scrolls of identify {unknown}
 j - 3 scrolls of remove curse {unknown}
 k - 2 scrolls of blinking {unknown}
 l - a scroll of teleportation {unknown}
 p - a scroll of magic mapping {unknown}
 w - a scroll of enchant weapon {unknown}
 A - 2 scrolls of immolation {unknown}
 B - a scroll of amnesia {unknown}
Jewellery
 y - a ring of wizardry (left hand)
Potions
 e - a potion of might
 g - a potion of resistance {unknown}
 i - 2 potions of restore abilities
 m - 2 potions of curing {unknown}
 n - a potion of porridge
 o - 2 potions of brilliance {unknown}
 r - a potion of decay {unknown}
 v - a potion of agility {unknown}
 z - a potion of magic {unknown}
 D - a potion of berserk rage {unknown}


   Skills:
 + Level 5.8 Fighting
 * Level 6.8 Maces & Flails
 + Level 1.3 Armour
 * Level 4.0 Dodging
 + Level 3.8 Shields


You had 6 spell levels left.
You didn't know any spells.

Dungeon Overview and Level Annotations

Branches:
Dungeon (4/15)             Temple (1/1) D:4

Altars:
Ashenzari
Cheibriados
Dithmenos
Elyvilon
Fedhas
Kikubaaqudgha
Nemelex Xobeh
Okawaru
Qazlal
Sif Muna
Vehumet
Xom
Yredelemnul


Innate Abilities, Weirdness & Mutations

You are too large for most types of armour.
You have tough skin (AC +1).


Message History

* * * LOW HITPOINT WARNING * * *
You are more poisoned.
The orc hits you with a mace.
* * * LOW HITPOINT WARNING * * *
The orc barely misses you.
Drink which item? (? for menu, Esc to quit)
You feel very mighty all of a sudden.
* * * LOW HITPOINT WARNING * * *
You feel very sick. Something hits you.
* * * LOW HITPOINT WARNING * * *
You are more poisoned.
The orc hits you with a mace!
* * * LOW HITPOINT WARNING * * *
Drink which item? (? for menu, Esc to quit)
You feel refreshed.
It was a potion of restore abilities.
* * * LOW HITPOINT WARNING * * *
You feel very sick. You block the orc's attack. You block its attack.
The orc hits you with a mace.
You die...

. ..# ... #..# . #..# .
.. #.#####..# ###. .
#........# ... #
#........# #..#
#........####. ####..#
#....o.o..............%
#.....@..# ####..#
#...(.().# # #
#######..# # #..# #.##
#..# .#... #.$# #..<..
#..# ###.## #..# #. #
#..# # #


You could see 2 orcs.

Vanquished Creatures
  The ghost of Liquorice the Skirmisher, an average GrBe of Trog (D:4)
  A phantom (D:4)
  A scorpion (D:3)
  A giant frog skeleton (D:4)
  Ijyb (D:2)
  4 gnolls
  7 adders
  A giant mite (D:3)
  6 worms
  An orc skeleton (D:4)
  A giant gecko (D:1)
  An ooze (D:3)
  4 orcs
  8 bats
  A bat skeleton (D:4)
  3 giant cockroaches
  12 goblins
  14 hobgoblins
  2 ball pythons
  3 giant newts
  7 kobolds
  10 rats
  A rat skeleton (D:4)
91 creatures vanquished.

Notes
Turn   | Place    | Note
--------------------------------------------------------------
     0 | D:1      | N00bl0rd, the Ogre Fighter, began the quest for the Orb.
     0 | D:1      | Reached XP level 1. HP: 24/24 MP: 1/1
    35 | D:1      | HP: 1/24 [goblin/club (3)]
   309 | D:1      | Reached XP level 2. HP: 12/32 MP: 2/2
   431 | D:1      | Reached XP level 3. HP: 10/40 MP: 3/3
   840 | D:2      | Noticed Ijyb
   857 | D:2      | Killed Ijyb
   931 | D:2      | Reached XP level 4. HP: 46/49 MP: 4/4
  1225 | D:2      | Found a white marble altar of Elyvilon.
  2045 | D:3      | Reached skill level 5 in Maces & Flails
  2155 | D:3      | Reached XP level 5. HP: 55/55 MP: 5/5
  2161 | D:3      | Reached skill level 5 in Fighting
  3144 | D:3      | Found a blossoming altar of Fedhas.
  3155 | D:3      | Reached XP level 6. HP: 52/66 MP: 6/6
  3314 | D:4      | Noticed Liquorice's ghost (average GrBe)
  3605 | D:4      | Killed Liquorice's ghost
  3605 | D:4      | Reached skill level 6 in Maces & Flails
  3605 | D:4      | Reached skill level 1 in Armour
  3726 | D:4      | Reached XP level 7. HP: 48/72 MP: 7/7
  3729 | D:4      | Found a staircase to the Ecumenical Temple.
  3775 | Temple   | Entered the Ecumenical Temple
  3878 | Temple   | Became a worshipper of Qazlal Stormbringer
  4271 | D:4      | HP: 1/74 [poisoned by an orc wizard]
  4271 | D:4      | Slain by an orc

Action                   |  1- 3 |  4- 6 |  7- 9 || total
-------------------------+-------+-------+-------++-------
Melee: Flail             |   106 |   201 |    76 ||   383
Evoke: Wand              |       |     1 |       ||     1
  Use: Potion            |       |       |     2 ||     2
  Eat: Chunk             |       |     8 |     1 ||     9
       Fruit             |       |     2 |       ||     2
